 Dungeon Crawl Stone Soup version 0.25-a0-96-g4073cf80fb (webtiles) character file.

Game seed: 14725028071009207461, levelgen mode: deterministic

270 vurker the Magician (level 6, -2/44 HPs)
             Began as a Mummy Fire Elementalist on Nov 11, 2019.
             Hit by a boomerang thrown by an orc (4 damage)
             ... on level 3 of the Dungeon.
             The game lasted 00:07:59 (4651 turns).

vurker the Magician (Mummy Fire Elementalist)       Turns: 4651, Time: 00:08:00

Health: -2/44      AC:  3    Str: 11    XL:     6   Next: 1%
Magic:  1/12       EV: 12    Int: 16    God:
Gold:   142        SH:  0    Dex: 13    Spells: 5/13 levels left

rFire    x . .     SeeInvis .   b - +0 dagger
rCold    + . .     Gourm    .   (no shield)
rNeg     + + +     Faith    .   a - +0 robe
rPois    ∞         Spirit   .   l - +0 helmet
rElec    .         Reflect  .   (no cloak)
rCorr    .         Harm     .   (no gloves)
MR       .....                  (no boots)
Stlth    ++........             (no amulet)
HPRegen  0.14/turn              (no ring)
MPRegen  0.13/turn              (no ring)

@: no status effects
A: no food or potions, fire vulnerability, cold resistance 1, negative energy
resistance 3, torment resistance, unbreathing
a: no special abilities


You were on level 3 of the Dungeon.
You were not hungry.

You visited 1 branch of the dungeon, and saw 4 of its levels.

You collected 142 gold pieces.

Inventory:

Hand Weapons
 b - a +0 dagger (weapon)
   (You took it off a goblin on level 1 of the Dungeon)
Missiles
 h - 2 throwing nets (quivered)
Armour
 a - a +0 robe (worn)
 j - a +0 buckler
   (You found it on level 2 of the Dungeon)
 l - a +0 helmet (worn)
   (You found it on level 3 of the Dungeon)
Scrolls
 c - a scroll of blinking {unknown}
 d - 3 scrolls of teleportation {unknown}
 e - a scroll of random uselessness {unknown}
 f - 3 scrolls of amnesia {unknown}
 g - a scroll of fog {unknown}
 i - a scroll of magic mapping {unknown}
 k - a scroll of enchant weapon {unknown}


   Skills:
 + Level 1.7 Fighting
 - Level 1.5 Dodging
 - Level 1.5 Stealth
 + Level 1.1 Shields
 * Level 4.4 Spellcasting
 * Level 2.4 Conjurations
 * Level 3.6 Fire Magic


You had 5 spell levels left.
You knew the following spells:

 Your Spells              Type           Power        Failure   Level  Hunger
a - Flame Tongue          Conj/Fire      ##...        4%          1    N/A
c - Conjure Flame         Conj/Fire      ##......     14%         3    N/A
q - Sticky Flame          Conj/Fire      ##......     41%         4    N/A

Your spell library contained the following spells:

 Spells                   Type           Power        Failure   Level  Hunger
 Throw Flame              Conj/Fire      ##....       7%          2    N/A
 Inner Flame              Hex/Fire       #.......     22%         3    N/A
 Fireball                 Conj/Fire      ##........   77%         5    N/A

Dungeon Overview and Level Annotations

Branches:
Dungeon (4/15)
 Temple: D:4-7

Altars:

Annotations:
D:3 Grinder, Sigmund, Terence


Innate Abilities, Weirdness & Mutations

You do not eat or drink.
Your flesh is vulnerable to fire.
You are immune to poison.
Your flesh is cold resistant. (rC+)
You are immune to negative energy. (rN+++)
You are immune to unholy pain and torment.
You can survive without breathing.


Message History

The flame tongue hits the orc but does no damage.
The orc barely misses you.
You barely miss the orc. The orc barely misses you. The orc misses you.
You barely miss the orc. The orc hits you with a +0 dagger.
* * * LOW HITPOINT WARNING * * *
The orc hits you from afar with a +0 spear.
* * * LOW HITPOINT WARNING * * *
Aim: an orc, wielding a +0 dagger and wearing a +0 scale mail The flame tongue hits the orc.
The orc misses you.
There is an open door here.
Aim: an orc, wielding a +0 dagger and wearing a +0 scale mail The flame tongue hits the orc.
The orc hits you but does no damage.
Aim: an orc, wielding a +0 dagger and wearing a +0 scale mail (heavily wounded)
The flame tongue hits the orc.
The orc hits you with a +0 dagger.
* * * LOW HITPOINT WARNING * * *
The orc hits you from afar with a +0 spear!
* * * LOW HITPOINT WARNING * * *
You hit the orc but do no damage. The orc hits you with a +0 dagger.
* * * LOW HITPOINT WARNING * * *
The orc barely misses you.
Aim: an orc, wielding a +0 dagger and wearing a +0 scale mail (almost dead)
The flame tongue hits the orc.
You kill the orc!
The orc misses you.
The orc throws a boomerang.
The boomerang hits you.
* * * LOW HITPOINT WARNING * * *
The weapon returns to the orc!
Unknown command.
Aim: an orc, wielding a +0 spear and wearing a +0 leather armour (moderately wounded)
The flame tongue hits the orc.
The orc throws a boomerang.
The boomerang barely misses you.
The weapon returns to the orc!
Aim: an orc, wielding a +0 spear and wearing a +0 leather armour (almost dead)
The flame tongue hits the orc but does no damage.
The orc throws a boomerang.
The boomerang barely misses you.
The weapon returns to the orc!
You don't have enough magic to cast that spell.
The orc throws a boomerang.
The boomerang closely misses you.
The weapon returns to the orc!
The orc throws a boomerang.
The boomerang hits you.
* * * LOW HITPOINT WARNING * * *
The weapon returns to the orc!
The orc throws a boomerang.
The boomerang closely misses you.
The weapon returns to the orc!
Items here: )) ÷÷÷ a +0 dagger x2; a goblin skeleton x3
You can't see any susceptible monsters within range! (Use Z to cast anyway.)
The orc throws a boomerang.
The boomerang closely misses you.
The weapon returns to the orc!
The orc throws a boomerang.
The boomerang hits you.
You die...

#.# ##' #.# ....
#.###.....
###.#.......
#..)()......
#.#)#.#..... #
#)#.# ... #.#.# .
#@#.# #.#.# #.#.#
#.#.# #.#
###########.# ##
#......)..o.# ..#
##.##############
###.#
#.##............
..#.#


You could see an orc.

Vanquished Creatures
  An iguana (D:2)
  Natasha (twice) (D:3)
  2 worker ants (D:4)
  Robin (D:3)
  4 adders
  An ooze (D:2)
  3 worms (D:2)
  2 dart slugs
  2 leopard geckos
  6 orcs
  3 giant cockroaches
  19 goblins
  6 hobgoblins
  2 jackals (D:2)
  2 quokkas
  A ball python (D:1)
  4 bats
  A frilled lizard (D:3)
  7 kobolds
  7 rats
76 creatures vanquished.

Vanquished Creatures (others)
  A hobgoblin (D:3)
1 creature vanquished.

Grand Total: 77 creatures vanquished

Notes
Turn   | Place    | Note
-------+----------+-------------------------------------------
     0 | D:1      | vurker the Mummy Fire Elementalist began the quest for the
                  | Orb.
     0 | D:1      | Reached XP level 1. HP: 13/13 MP: 4/4
   119 | D:1      | Reached skill level 1 in Conjurations
   276 | D:1      | Reached skill level 3 in Spellcasting
   276 | D:1      | Reached XP level 2. HP: 19/19 MP: 0/6
  1227 | D:2      | Reached XP level 3. HP: 25/25 MP: 2/7
  1673 | D:2      | Learned a level 3 spell: Conjure Flame
  1990 | D:2      | Reached skill level 1 in Fighting
  2402 | D:2      | Reached XP level 4. HP: 19/32 MP: 0/9
  2532 | D:2      | Learned a level 4 spell: Sticky Flame
  3112 | D:3      | Noticed Terence
  3188 | D:3      | Noticed Natasha
  3191 | D:3      | Noticed Sigmund
  3544 | D:3      | Killed Natasha
  3544 | D:3      | Reached skill level 4 in Spellcasting
  3544 | D:3      | Reached XP level 5. HP: 32/37 MP: 4/11
  3760 | D:3      | Noticed Grinder
  3870 | D:4      | Reached skill level 1 in Shields
  3965 | D:4      | Noticed an ogre
  4202 | D:3      | Noticed Natasha
  4209 | D:3      | Killed Natasha
  4277 | D:3      | Noticed Robin
  4311 | D:3      | Killed Robin
  4589 | D:3      | Reached XP level 6. HP: 27/44 MP: 2/12
  4648 | D:3      | HP: 2/44 [orc/boomerang (4)]
  4651 | D:3      | Hit by a boomerang thrown by an orc

Levels and vault maps discovered:
D:1:      roderic_chinese_lattice_arrival, layout_basic, minmay_pentomino_v4
D:2:      layout_basic
D:3:      layout_basic, overflow_temple_1_default, uniq_natasha, uniq_terence,
          uniq_grinder, uniq_sigmund, uniq_robin
D:4:      layout_basic, minmay_temple_entry_purple_smoke, first_ration,
          minmay_misc_feat_columns

Skill      XL: |  1  2  3  4  5 |
---------------+----------------+-----
Conjurations   | 1 2 |  2.4
Spellcasting   | 3 4 |  4.4
Fire Magic     | 3 |  3.6
Fighting       | 1 |  1.7
Shields        | 1 |  1.1
Dodging        | |  1.5
Stealth        | |  1.5

Action                   |  1- 3 |  4- 6 || total
-------------------------+-------+-------++-------
Melee: Dagger            |    34 |    40 ||    74
 Cast: Flame Tongue      |    74 |   107 ||   181
       Conjure Flame     |     2 |       ||     2
 Stab: Distracted        |       |     1 ||     1
Armor: Robe              |    10 |    10 ||    20
Dodge: Dodged            |    39 |    67 ||   106

Table legend:
 A = Non-vault XP
 B = Vault XP
 C = Vault XP percentage of total XP
 D = Non-vault monster count
 E = Vault monster count
 F = Vault count percentage of total count
                 A         B        C        D         E       F
            +---------+---------+-------+---------+---------+-------
      Total |     308 |      78 |  20.2 |      60 |      17 |  22.1
            +---------+---------+-------+---------+---------+-------
        D:1 |      45 |       5 |  10.0 |      19 |       3 |  13.6
        D:2 |      87 |       0 |   0.0 |      19 |       0 |   0.0
        D:3 |     105 |      73 |  41.0 |      19 |      14 |  42.4
        D:4 |      71 |       0 |   0.0 |       3 |       0 |   0.0
            +---------+---------+-------+---------+---------+-------
